 Dungeon Crawl Stone Soup version 0.20-a0-313-g10ed074 (webtiles) character file.

28 Junicave the Digger (level 3, 15/28 HPs)
             Began as a Deep Dwarf Earth Elementalist on Dec 20, 2016.
             Quit the game on level 1 of the Dungeon.
             The game lasted 00:03:59 (1005 turns).

Junicave the Digger (Deep Dwarf Earth Elementalist) Turns: 1005, Time: 00:04:00

Health: 15/28      AC:  2    Str: 11    XL:     3   Next: 0%
Magic:  2/6        EV: 12    Int: 16    God:
Gold:   75         SH:  0    Dex: 13    Spells: 5/6 levels left

rFire  . . .     SeeInvis .     (no weapon)
rCold  . . .     Gourm    .     c - +0 robe
rNeg   . . .     Faith    .     (no shield)
rPois  .         Spirit   .     (no helmet)
rElec  .         Reflect  .     (no cloak)
rCorr  .         Harm     .     (no gloves)
MR     .....                    (no boots)
Stlth  ++........               (no amulet)
                                (no ring)
                                (no ring)

@: non-regenerating
A: damage resistance, recharge devices, sense surroundings 1, slow regeneration
3
a: Device Recharging


You were on level 1 of the Dungeon.
You were not hungry.

You visited 1 branch of the dungeon, and saw 1 of its levels.

You collected 75 gold pieces.

Inventory:

Missiles
 b - 91 stones (quivered)
Armour
 c - a +0 robe (worn)
Wands
 d - a wand of heal wounds (3/9)
Scrolls
 j - a scroll of identify {unknown}
 k - a scroll of blinking {unknown}
 l - a scroll of noise {unknown}
 m - a scroll of remove curse {unknown}
 n - a scroll of fear {unknown}
Potions
 g - a potion of berserk rage {unknown}
Books
 e - a book of Geomancy

   Spells                             Type                      Level
   a - Sandblast                      Earth                        1
   b - Passwall                       Transmutation/Earth          2
   c - Stone Arrow                    Conjuration/Earth            3
   d - Petrify                        Transmutation/Earth          4
   e - Lee's Rapid Deconstruction     Earth                        5
Comestibles
 a - a beef jerky
 f - 2 bread rations
 h - 4 chunks of flesh
 i - 2 meat rations


   Skills:
 - Level 2.1 Dodging
 + Level 3.1 Stealth
 + Level 2.2 Spellcasting
   Level 0.8 Transmutations
 + Level 4.6 Earth Magic


You had 5 spell levels left.
You knew the following spells:

 Your Spells              Type           Power        Failure   Level  Hunger
a - Sandblast             Erth           ###...       3%          1    #......


Dungeon Overview and Level Annotations

Branches:
Dungeon (1/15)

Altars:


Innate Abilities, Weirdness & Mutations

You are resistant to damage.
You can recharge devices by infusing magical energy.
You passively map a small area around you.
You do not regenerate.


Message History

The giant cockroach completely misses you.
You barely miss the giant cockroach.
The giant cockroach is almost dead.
The giant cockroach barely misses you.
You barely miss the giant cockroach.
The giant cockroach is almost dead.
The giant cockroach barely misses you.
You closely miss the giant cockroach.
The giant cockroach is almost dead.
The giant cockroach bites you but does no damage.
You hit the giant cockroach.
You kill the giant cockroach!
You have reached level 3!
Your experience leads to an increase in your attributes!
Increase (S)trength, (I)ntelligence, or (D)exterity?
You feel clever.
You see here a giant cockroach corpse.
You butcher the giant cockroach corpse.
h - 4 chunks of flesh (gained 2) Are you sure you want to abandon this character and quit the game? (Confirm with "yes".)

* #################
................###
##.####.####.##...## #...
#.@.##...###..# ,
#.⌠.*#.⌠.##.⌠.# ##.# , ...
#...##...####.# # * *#.#
##.####.###...#
,*##.####.####.####.###.⌠.#
.(......................#
.........<..........##.## ,
,.................(......#
, ##.####.####.####.###.⌠.#


There were no monsters in sight!

Vanquished Creatures
  A dart slug (D:1)
  A leopard gecko (D:1)
  2 giant cockroaches (D:1)
  2 goblins (D:1)
  2 hobgoblins (D:1)
  4 jackals (D:1)
  A kobold (D:1)
  A ball python (D:1)
  6 bats (D:1)
  2 frilled lizards (D:1)
  A rat (D:1)
23 creatures vanquished.

Notes
Turn   | Place    | Note
-------+----------+-------------------------------------------
     0 | D:1      | Junicave the Deep Dwarf Earth Elementalist began the quest for the Orb.
     0 | D:1      | Reached XP level 1. HP: 15/15 MP: 3/3
   207 | D:1      | Reached XP level 2. HP: 22/22 MP: 0/5
   999 | D:1      | Reached XP level 3. HP: 15/28 MP: 1/6
  1005 | D:1      | Quit the game

Vault maps used:
D:1:      dpeg_arrival_chambers_temple_mockup

Skill      XL: |  1  2 |
---------------+-------+-----
Spellcasting   | 2 |  2.2
Stealth        | 3 |  3.1
Dodging        | |  2.1
Transmutations | |  0.8
Earth Magic    | |  4.6

Action                   || total
-------------------------++-------
Melee: Unarmed           ||    76
 Cast: Sandblast         ||    41
Evoke: Wand              ||     2
  Eat: Chunk             ||     1
Armor: Robe              ||    25
Dodge: Dodged            ||    87
